 Dungeon Crawl Stone Soup version 0.31-a0-217-g58bb5d79cf (webtiles) character file.

Game seed: 17024398185437010234

95 qw the Chopper (level 4, -10/28 HPs)
             Began as a Gargoyle Fighter on July 2, 2023.
             Mangled by a gnoll
             ... wielding a +0 halberd
              (12 damage)
             ... on level 2 of the Dungeon.
             The game lasted 00:00:53 (1445 turns).

qw the Chopper (Gargoyle Fighter)                   Turns: 1445, Time: 00:00:54

Health: -10/28     AC: 11    Str: 21    XL:     4   Next: 65%
Magic:  4/4        EV:  9    Int:  9    God:
Gold:   93         SH:  4    Dex:  9    Spells: 3/3 levels left

rFire   . . .        Y - +2 war axe
rCold   . . .        c - +0 buckler
rNeg    + . .        b - +0 scale mail
rPois   inf          j - +0 helmet
rElec   +            (no cloak)
rCorr   .            (no gloves)
SInv    .            (no boots)
Will    .....        (no amulet) Stlth
                     (no ring)
HPRegen 0.24/turn    (no ring)
MPRegen 0.09/turn

%: no passive effects
@: no status effects
A: sickness immunity, AC +3, negative energy resistance 1, electricity
resistance, torment resistance 1, petrification resistance
a: no special abilities


You were on level 2 of the Dungeon.
You visited 1 branch of the dungeon, and saw 2 of its levels.

You collected 93 gold pieces.


Innate Abilities, Weirdness & Mutations

You are immune to sickness and miasma.
Your stone body is resilient. (AC +3)
You are immune to poison.
You resist negative energy. (rN+)
You are resistant to electric shocks. (rElec)
You are resistant to unholy torment.
You are immune to petrification.


   Skills:
 - Level 3.2 Fighting
 + Level 4.3 Axes
 - Level 3.2 Armour
 - Level 3.2 Shields


You had 3 spell levels left.
You didn't know any spells.
Your spell library was empty.

Inventory:

Hand Weapons
 h - a +0 whip
 Y - a +2 war axe (weapon)
Armour
 b - a +0 scale mail (worn)
 c - a +0 buckler (worn)
 j - a +0 helmet (worn)
Jewellery
 g - a +4 ring of protection
 k - a ring of protection from fire
Scrolls
 a - 2 scrolls of identify
 e - a scroll of revelation {unknown}
 i - 2 scrolls of fear {unknown}
Potions
 d - a potion of might
 f - a potion of enlightenment {unknown}
 l - a potion of brilliance {unknown}
 m - a potion of ambrosia {unknown}

Dungeon Overview and Level Annotations

Branches:
Dungeon (2/15)

Altars:
Hepliaklqana


Message History

The gnoll barely misses you.
Enter note:
Enter note:
Enter note:
Enter note:
Enter note:
Enter note:
Enter note:
Enter note: You slash the gnoll!
You kill the gnoll!
The gnoll hits you from afar with a +0 halberd!
The gnoll hits you from afar with a +0 halberd.
You barely miss the gnoll. You block the gnoll's attack.
The gnoll hits you but does no damage.
You slash the gnoll!
The gnoll is heavily wounded.
The gnoll hits you but does no damage. The gnoll barely misses you.
You slash the gnoll!
You kill the gnoll!
The gnoll hits you from afar with a +0 halberd!
Found a stone staircase leading up.
The gnoll hits you with a +0 halberd.
You see here a +0 spear.
Enter note:
Enter note:
Enter note:
Enter note:
Enter note:
Enter note:
Enter note:
Enter note:
Enter note:
Enter note:
Enter note:
Enter note: You slash the gnoll!
The gnoll is severely wounded.
The gnoll barely misses you. The gnoll hits you with a +0 halberd!
You die...

.. #.......# ####
.........#......###
........<#.###....#
........##.# #....#
#.........# #....#
#.......#####....#
#.......#........######
#....gr)#....######....
#.....@.'....# #....
#....[.##....# #....
#########....# #....
#....# #.... #....#
#.... #....# ###....
#....# #...... ......
#...... #......


You could see a gnoll and a rat.

Vanquished Creatures
  2 gnolls (D:2)
  An adder (D:2)
  A worm (D:2)
  5 dart slugs
  5 ball pythons
  6 endoplasms
  5 hobgoblins
  4 jackals
  7 kobolds
  3 quokkas (D:1)
  4 bats (D:1)
  2 frilled lizards
  7 rats
52 creatures vanquished.

Notes
Turn   | Place    | Note
-------+----------+-------------------------------------------
     0 | D:1      | qw the Gargoyle Fighter began the quest for the Orb.
     0 | D:1      | Reached XP level 1. HP: 14/14 MP: 1/1
     0 | D:1      | 0 ||| qw: Version: 0.3-a-40-ge99b1a8
     0 | D:1      | 0 ||| qw: Game counter: 166
     0 | D:1      | 0 ||| qw: Melee chars always use a shield: true
     0 | D:1      | 0 ||| qw: God list: Okawaru
     0 | D:1      | 0 ||| qw: Allow faded altars: false
     0 | D:1      | 0 ||| qw: Do Orc after clearing Dungeon:15 true
     0 | D:1      | 0 ||| qw: Do second Lair branch before Depths: true
     0 | D:1      | 0 ||| qw: Lair rune preference: random
     0 | D:1      | 0 ||| qw: Goals: Normal, Zot:1-4, Slime:5, God:TSO, Crypt,
                  | Tomb, Abyss, Pan, Hells, Win
     0 | D:1      | 0 ||| PLANNING D:1-11
    29 | D:1      | Found a faded altar of an unknown god.
    39 | D:1      | Reached skill level 2 in Axes
    68 | D:1      | Reached XP level 2. HP: 14/19 MP: 2/2
   216 | D:1      | 216 ||| Stepping ~*~*~tactically~*~*~ (hiding).
   218 | D:1      | 218 ||| Stepping ~*~*~tactically~*~*~ (hiding).
   310 | D:1      | Reached skill level 3 in Axes
   329 | D:1      | Reached XP level 3. HP: 23/23 MP: 3/3
   493 | D:1      | 493 ||| Stepping ~*~*~tactically~*~*~ (hiding).
   929 | D:1      | 929 ||| UPGRADING to +0 helmet.
   934 | D:1      | 934 ||| READING 2 scrolls labelled XEURUPO BERPH.
   935 | D:1      | 935 ||| READING scroll labelled AHEOFFU PACVYGHEPH.
   936 | D:1      | 936 ||| READING scroll labelled HOXTUA WOFAGG.
   937 | D:1      | 937 ||| READING scroll labelled USYWAN LIP SATT.
  1019 | D:2      | 1019 ||| Stepping ~*~*~tactically~*~*~ (hiding).
  1020 | D:2      | 1020 ||| Stepping ~*~*~tactically~*~*~ (hiding).
  1063 | D:2      | 1063 ||| DROPPING +0 club.
  1078 | D:2      | Found a hazy altar of Hepliaklqana.
  1130 | D:2      | Reached XP level 4. HP: 26/28 MP: 4/4
  1172 | D:2      | Reached skill level 4 in Axes
  1273 | D:2      | 1273 ||| READING scroll of enchant weapon.
  1273 | D:2      | 1273 ||| ENCHANTING +1 war axe.
  1432 | D:2      | 1432 ||| Stepping ~*~*~tactically~*~*~ (hiding).
  1443 | D:2      | HP: 5/28 [gnoll/+0 halberd (9)]
  1444 | D:2      | HP: 1/28 [gnoll/+0 halberd (4)]
  1445 | D:2      | Mangled by a gnoll

Levels and vault maps discovered:
D:1:      dpeg_arrival_water_temple_mockup, layout_loops_ring,
          basic_ecumenical_altar, nicolae_eternal_life, minmay_misc_feat_square
D:2:      layout_basic, basic_altar, st_stairs_12

Skill      XL: |  1  2  3  4 |
---------------+-------------+-----
Axes           | 2 3 4 |  4.3
Fighting       | |  3.2
Armour         | |  3.2
Shields        | |  3.2

Action                     |  1- 3 |  4- 6 || total
---------------------------+-------+-------++-------
  Melee: War axe           |   101 |    34 ||   135
    Use: Scroll            |     4 |     1 ||     5
 Armour: Scale mail        |    48 |    23 ||    71
  Dodge: Dodged            |    40 |    22 ||    62
  Block: Buckler           |    15 |     8 ||    23

Table legend:
 A = Non-vault XP
 B = Vault XP
 C = Vault XP percentage of total XP
 D = Non-vault monster count
 E = Vault monster count
 F = Vault count percentage of total count
                 A         B        C        D         E       F
            +---------+---------+-------+---------+---------+-------
      Total |     134 |       2 |   1.5 |      51 |       1 |   1.9
            +---------+---------+-------+---------+---------+-------
        D:1 |      63 |       0 |   0.0 |      33 |       0 |   0.0
        D:2 |      71 |       2 |   2.7 |      18 |       1 |   5.3
            +---------+---------+-------+---------+---------+-------
